Map: [ESL] Royal Blood

Players

Oliveira - Winner!

  • Race: Terran Terran
  • Spawn Location: 1:00

Nice

  • Race: Protoss Protoss
  • Spawn Location: 7:00

Event: ESL SC2 Masters 2023 Summer (Regionals)

VOD

Have the link to the VOD?

Description

Time

  • Played on: May 10, 2023, 8:53 a.m.
  • Length: 9:28

All games in this series

Show
View Real Time Build Order
Export as new Build Order

Oliveira Terran - Winner!

Build Orders: Gas First Reaper Expand 

Get SALT Encoding   

  12  0:00  SCV  
  13  0:12  SCV  
  14  0:17  Supply Depot  
  14  0:24  SCV  
  14  0:27  Refinery  
  15  0:38  SCV  
  16  0:45  Barracks  
  16  0:50  SCV  
  17  1:02  SCV  
  18  1:15  SCV  
  19  1:33  Orbital Command, Reaper  
  20  1:47  Command Center  
  20  1:56  Factory  
  20  2:00  SCV  
  21  2:06  Barracks Reactor  
  21  2:08  Refinery  
  21  2:12  SCV  
  22  2:18  Supply Depot  
  22  2:25  SCV  
  23  2:39  SCV  
  23  2:42  Widow Mine, Starport  
  23  2:43  Marine  
  27  2:45  Marine  
  28  2:51  SCV  
  29  2:59  Orbital Command  
  29  3:01  Marine  
  29  3:04  Factory Tech Lab  
  29  3:06  Marine  
  29  3:10  SCV  
  31  3:23  Siege Tank  
  31  3:24  Starport Tech Lab  
  31  3:27  Marine x2  
  34  3:32  Supply Depot  
  36  3:34  SCV  
  37  3:44  Orbital Command, Banshee  
  37  3:45  Marine x2  
  37  3:48  SCV  
  43  3:59  Siege Tank  
  46  4:03  Marine  
  46  4:04  Marine  
  46  4:08  SCV  
  43  4:15  SCV  
  44  4:21  Marine, Supply Depot, SCV  
  44  4:22  Marine  
  47  4:27  SCV  
  47  4:31  Cyclone  
  51  4:34  Medivac  
  51  4:35  SCV  
  54  4:45  SCV, Supply Depot  
  52  4:46  Marine x2  
  52  4:49  SCV  
  55  5:03  Bunker  
  55  5:04  Marine x2  
  54  5:15  SCV  
  54  5:21  Cyclone  
  54  5:22  Marine x2, SCV  
  54  5:27  SCV, Supply Depot  
  58  5:33  Banshee  
  58  5:34  SCV  
  61  5:40  SCV, Marine x2  
  63  5:46  SCV  
  61  5:52  SCV  
  61  5:55  Siege Tank  
  65  5:57  Marine x2  
  65  5:58  SCV  
  65  6:03  Barracks  
  65  6:04  SCV  
  69  6:06  Barracks  
  69  6:10  SCV  
  70  6:14  Bunker  
  70  6:15  Marine x2  
  70  6:16  SCV  
  73  6:23  SCV  
  73  6:25  Engineering Bay  
  74  6:26  Refinery  
  74  6:27  Barracks  
  74  6:28  Starport Reactor  
  74  6:29  Barracks  
  74  6:31  SCV  
  72  6:33  Marine  
  72  6:34  Marine  
  72  6:36  SCV  
  72  6:37  Factory Reactor  
  75  6:46  SCV  
  66  6:48  SCV  
  66  6:51  Terran Infantry Weapons Level 1, Marine  
  68  6:57  Marine  
  68  6:59  SCV  
  68  7:00  SCV  
  71  7:04  Supply Depot  
  71  7:05  Stimpack  
  71  7:06  Marine, Refinery  
  71  7:08  Combat Shield  
  72  7:09  Missile Turret  
  72  7:10  Missile Turret  
  72  7:11  Marauder  
  72  7:14  Widow Mine x2  
  75  7:16  Barracks Reactor, Barracks Tech Lab  
  75  7:17  Marine  
  75  7:18  Marine  
  75  7:21  SCV  
  78  7:26  SCV  
  78  7:27  Supply Depot  
  79  7:31  Supply Depot  
  79  7:32  Marauder  
  79  7:34  Marauder, Concussive Shells  
  83  7:37  Marine x2  
  85  7:45  Widow Mine x2, Marauder  
  85  7:46  Medivac  
  92  7:52  SCV  
  92  7:53  Marine  
  92  7:55  Marine, Medivac  
  92  7:56  Marine, Supply Depot  
  98  7:58  Marine  
  98  7:59  Marine  
  98  8:02  Marauder  
  102  8:09  Marauder  
  102  8:11  Marine  
  102  8:12  Supply Depot  
  105  8:13  Widow Mine  
  105  8:14  Widow Mine  
  105  8:17  Medivac  
  111  8:21  Marine  
  111  8:23  Marauder  
  111  8:24  Marine  
  115  8:27  Medivac  
  115  8:33  Marine x2, Supply Depot  
  119  8:39  Widow Mine x2, Marine  
  124  8:42  Marine x2  
  124  8:45  Supply Depot  
  126  8:54  Marine x4  
  130  9:09  Marine x2  
Show
View Real Time Build Order
Export as new Build Order

Nice Protoss 

Build Orders: 1 Gate Expand, Oracle Opening, Phoenix Opening 

Get SALT Encoding   

  12  0:00  Probe  
  13  0:12  Probe  
  14  0:19  Pylon  
  14  0:24  Probe (Chrono Boost)  
  15  0:39  Probe (Chrono Boost), Gateway  
  16  0:44  Probe (Chrono Boost)  
  16  0:48  Assimilator  
  17  0:55  Probe  
  18  1:07  Probe  
  19  1:19  Probe  
  20  1:27  Cybernetics Core  
  20  1:35  Nexus  
  20  1:42  Pylon  
  20  1:48  Assimilator  
  20  1:49  Probe  
  21  2:00  Adept (Chrono Boost)  
  21  2:01  Probe  
  24  2:13  Probe  
  25  2:20  Adept (Chrono Boost)  
  25  2:26  Probe  
  28  2:31  Stargate  
  28  2:39  Probe, Warp Gate  
  29  2:44  Adept  
  29  2:48  Probe  
  29  2:51  Probe  
  33  3:00  Probe  
  33  3:03  Probe, Pylon  
  35  3:12  Probe, Oracle (Chrono Boost)  
  35  3:15  Probe  
  39  3:24  Probe  
  38  3:27  Probe  
  39  3:36  Probe  
  39  3:37  Twilight Council  
  39  3:39  Probe  
  41  3:45  Gateway  
  41  3:48  Probe, Phoenix (Chrono Boost)  
  41  3:51  Probe  
  41  3:53  Pylon  
  45  4:00  Probe  
  46  4:05  Probe  
  45  4:10  Charge (Chrono Boost)  
  43  4:17  Probe  
  43  4:19  Gateway  
  43  4:21  Gateway  
  43  4:23  Shield Battery  
  44  4:24  Probe  
  44  4:28  Zealot  
  47  4:32  Phoenix (Chrono Boost)  
  47  4:35  Pylon  
  49  4:47  Shield Battery  
  49  4:50  Pylon, Zealot x2, Shield Battery  
  53  4:53  Phoenix (Chrono Boost)  
  55  5:04  Pylon  
  55  5:11  Zealot x2  
  49  5:22  Stalker x2  
  49  5:24  Probe  
  49  5:25  Probe  
  53  5:31  Zealot  
  53  5:32  Zealot  
  57  5:37  Phoenix (Chrono Boost)  
  59  5:48  Zealot x2  
  59  5:52  Zealot x2  
  59  5:55  Gateway  
  63  5:57  Gateway  
  63  5:59  Gateway  
  63  6:00  Phoenix (Chrono Boost)  
  63  6:01  Shield Battery  
  63  6:16  Pylon x3  
  63  6:17  Pylon  
  63  6:33  Nexus  
  63  6:34  Zealot x2  
  70  6:47  Probe (Chrono Boost)  
  70  6:49  Assimilator  
  70  6:50  Probe (Chrono Boost), Assimilator  
  70  6:51  Pylon  
  70  6:53  Templar Archives  
  69  6:59  Probe (Chrono Boost)  
  70  7:02  Probe (Chrono Boost)  
  70  7:04  Probe (Chrono Boost)  
  70  7:08  Robotics Facility  
  71  7:10  Psionic Storm  
  71  7:11  Probe  
  71  7:14  Probe  
  73  7:22  Gateway  
  73  7:23  Probe, Gateway  
  73  7:25  Zealot x2  
  73  7:26  Gateway  
  78  7:30  Probe  
  79  7:40  Zealot x2  
  83  7:45  High Templar  
  83  7:50  Forge  
  85  7:52  Shield Battery  
  85  7:55  Warp Prism (Chrono Boost), Zealot  
  87  8:00  High Templar  
  91  8:10  Zealot x2  
  93  8:13  Assimilator x2  
  93  8:15  High Templar, Zealot  
  97  8:23  Zealot x2  
  97  8:25  Probe x3  
  104  8:31  Zealot x2  
  108  8:42  Zealot x2  
  108  8:45  Pylon  
  108  8:47  Pylon  
  112  8:57  Zealot x2  
  90  9:14  Zealot x5  
  65  9:19  Zealot x2  
Tags
 
Add a new tag
Caveats
  • Supply blocks, unpowered buildings, or Contaminate may cause inaccurate times.
  • Supply counts are checked every 10 seconds.